Map: Disco Bloodbath LE

Players

IlIIlIlIIlIl - Winner!

  • Race: Terran Terran
  • League: Diamond
  • Spawn Location: 3:00

Quaterno

  • Race: Zerg Zerg
  • League: Master
  • Spawn Location: 9:00

VOD

Have the link to the VOD?

Description

Time

  • Played on: Sept. 9, 2019, 4 a.m.
  • Length: 25:17
Show
View Real Time Build Order
Export as new Build Order

IlIIlIlIIlIl Terran - Winner!

Build Orders: Gas First Reaper Expand 

Get SALT Encoding   

  12  0:00  SCV  
  13  0:13  SCV  
  14  0:19  Supply Depot  
  14  0:25  SCV  
  15  0:29  Refinery  
  15  0:42  Barracks  
  15  0:44  SCV  
  16  0:56  SCV  
  17  1:08  SCV  
  18  1:20  SCV  
  19  1:29  Reaper  
  20  1:32  Orbital Command  
  20  1:44  Command Center  
  20  1:53  Supply Depot  
  20  1:58  SCV  
  21  2:01  Barracks Reactor  
  21  2:14  Factory  
  21  2:17  Refinery  
  21  2:20  SCV  
  22  2:38  Marine  
  22  2:39  Marine  
  22  2:40  SCV  
  25  2:53  SCV  
  26  2:59  Marine x2, Factory Tech Lab  
  26  3:00  Orbital Command  
  28  3:11  Starport  
  28  3:17  Refinery  
  28  3:20  SCV  
  28  3:22  Siege Tank  
  28  3:26  SCV  
  33  3:38  Marine x2  
  33  3:41  SCV x2  
  37  3:49  Viking  
  37  3:53  SCV x2  
  41  4:03  Supply Depot  
  41  4:11  SCV  
  41  4:12  SCV  
  41  4:14  Refinery  
  43  4:17  Fusion Core  
  43  4:20  Starport Tech Lab  
  43  4:25  SCV  
  43  4:26  SCV  
  43  4:27  Supply Depot  
  43  4:28  Siege Tank  
  48  4:37  SCV  
  48  4:38  SCV  
  50  4:49  SCV, Supply Depot  
  50  4:50  SCV  
  52  5:02  SCV x2  
  52  5:04  Battlecruiser  
  52  5:05  Weapon Refit  
  60  5:12  Supply Depot  
  60  5:14  SCV x2  
  62  5:23  Command Center  
  62  5:28  SCV x2  
  64  5:32  Siege Tank  
  67  5:39  Factory, Supply Depot  
  67  5:41  SCV x2  
  69  5:47  Engineering Bay  
  69  5:55  Armory  
  69  5:56  Armory  
  69  5:58  SCV x2  
  71  6:12  Battlecruiser  
  71  6:15  Missile Turret  
  71  6:18  Missile Turret  
  77  6:20  SCV x2  
  79  6:37  SCV  
  79  6:38  SCV, Orbital Command  
  81  6:53  SCV x2  
  81  6:54  Infernal Pre-Igniter, Cyclone, Hellion x2  
  90  7:05  SCV x2  
  92  7:10  Terran Ship Weapons Level 1, Terran Vehicle And Ship Armor Level 1  
  92  7:16  Supply Depot x3  
  92  7:17  SCV x2, Hellion x2  
  92  7:20  Orbital Command  
  98  7:26  Cyclone  
  101  7:38  Battlecruiser  
  107  7:45  Hellion  
  107  7:46  SCV, Hellion  
  112  7:57  Refinery, Missile Turret  
  112  7:58  SCV  
  113  7:59  Refinery  
  113  8:00  Missile Turret  
  113  8:01  Bunker, SCV, Missile Turret  
  114  8:13  SCV x3  
  114  8:14  Cyclone, Hellion x2  
  124  8:23  Mag-Field Accelerator  
  124  8:25  SCV, Factory  
  125  8:27  Factory  
  125  8:39  Supply Depot  
  125  8:40  Supply Depot  
  125  8:43  Supply Depot  
  125  8:56  Missile Turret  
  125  8:57  Missile Turret  
  125  8:58  Missile Turret  
  125  9:00  Hellion, Battlecruiser  
  125  9:02  Cyclone, Hellion  
  138  9:04  Missile Turret  
  138  9:05  Supply Depot  
  138  9:06  Supply Depot  
  138  9:08  Terran Vehicle And Ship Armor Level 2, Terran Ship Weapons Level 2  
  138  9:35  SCV x3  
  138  9:38  Factory Tech Lab, Cyclone, Factory Reactor  
  141  9:39  Hellion x2  
  141  9:44  Command Center  
  141  9:45  Command Center  
  148  9:47  SCV  
  148  9:48  Command Center  
  149  9:59  Smart Servos  
  149  10:03  Neosteel Armor  
  149  10:04  Battlecruiser  
  155  10:13  Sensor Tower  
  153  10:27  Cyclone x2, Hellion x4  
  155  10:49  Factory  
  155  10:50  Factory  
  153  11:05  Hellion  
  153  11:06  Cyclone x2, Hellion x3  
  153  11:09  Battlecruiser  
  155  11:12  Orbital Command  
  155  11:13  Planetary Fortress  
  155  11:28  Orbital Command  
  155  11:35  Factory Tech Lab, Factory Reactor  
  155  11:45  Refinery  
  155  11:49  Missile Turret  
  155  11:50  Missile Turret  
  155  11:51  Refinery  
  155  11:53  Missile Turret  
  154  11:57  Terran Vehicle And Ship Armor Level 3, Terran Ship Weapons Level 3  
  153  12:10  Cyclone x3  
  162  12:25  Hellion x2  
  162  12:26  Hellion x4  
  180  12:44  Battlecruiser  
  157  13:05  Thor x3  
  151  13:12  Hellion x2  
  171  13:13  Hellion x4  
  169  13:32  Missile Turret x2  
  169  13:33  Hi-Sec Auto Tracking  
  169  13:35  Missile Turret  
  169  13:48  Sensor Tower  
  169  13:49  Thor x3  
  187  13:58  Factory  
  187  13:59  Factory  
  187  14:12  Missile Turret  
  187  14:14  Missile Turret  
  187  14:19  Command Center  
  187  14:22  Command Center  
  187  14:30  Battlecruiser  
  187  14:31  Command Center  
  193  14:34  Starport x2, Terran Vehicle Weapons Level 1  
  193  14:39  Missile Turret  
  193  14:40  Missile Turret x2  
  187  15:18  Factory Tech Lab, Siege Tank x3  
  187  15:19  Factory Tech Lab  
  187  15:21  Starport Tech Lab x2  
  187  15:47  Battlecruiser x3  
  189  15:57  Refinery  
  189  16:00  Orbital Command x2  
  189  16:12  Hellbat x5  
  199  16:25  Refinery  
  194  16:37  Refinery  
  185  16:53  Battlecruiser x3  
  197  17:02  Missile Turret  
  197  17:04  Missile Turret  
  182  18:01  Battlecruiser x3  
  191  18:31  Terran Vehicle Weapons Level 2  
  191  18:36  Missile Turret  
  191  18:38  Missile Turret  
  191  18:39  Missile Turret  
  191  18:41  Refinery  
  191  18:42  Sensor Tower, Refinery  
  191  18:49  Missile Turret  
  191  18:54  Planetary Fortress  
  191  18:58  Missile Turret  
  191  18:59  Missile Turret x2  
  191  19:16  Siege Tank x3  
  200  19:26  Missile Turret  
  200  19:27  Missile Turret  
  200  19:44  Orbital Command  
  200  20:42  Command Center  
  194  20:46  Command Center  
  194  20:52  Terran Vehicle Weapons Level 3  
  194  21:05  Command Center  
  194  21:07  Command Center  
  182  21:23  Thor x3  
  200  22:04  Orbital Command  
  200  22:18  Missile Turret x4  
  200  22:19  Sensor Tower  
  200  22:20  Orbital Command x2, Missile Turret x2  
  200  22:22  Missile Turret  
  172  23:03  Thor x3  
  172  23:04  Thor  
  161  23:15  Planetary Fortress  
  153  23:32  Refinery  
  147  23:34  Refinery  
  147  23:35  Missile Turret  
  147  23:38  Missile Turret  
  110  24:11  Battlecruiser x3  
  128  24:23  Missile Turret  
  121  24:33  Siege Tank x3  
  121  24:34  Siege Tank  
  121  24:35  Hellbat x2  
  121  24:36  Hellbat x2  
  141  24:43  SCV  
  142  24:52  Missile Turret x2  
  142  24:55  SCV  
Show
View Real Time Build Order
Export as new Build Order

Quaterno Zerg 

Build Orders: Hatch First, Brood Lord Corruptor 

Get SALT Encoding   

  12  0:00  Drone  
  13  0:15  Overlord  
  13  0:19  Drone  
  14  0:34  Drone  
  14  0:35  Drone  
  16  0:50  Hatchery  
  16  0:52  Drone  
  16  0:56  Drone  
  17  0:59  Drone  
  18  1:10  Extractor  
  17  1:14  Spawning Pool  
  17  1:17  Drone  
  17  1:20  Drone  
  18  1:31  Drone  
  19  1:42  Drone  
  20  1:49  Hatchery  
  20  1:52  Drone  
  20  2:02  Queen  
  20  2:03  Zergling x2  
  20  2:05  Zergling x2  
  24  2:14  Queen  
  26  2:20  Overlord  
  26  2:26  Drone x2  
  28  2:37  Metabolic Boost  
  28  2:41  Drone x2  
  30  2:58  Pneumatized Carapace  
  29  3:01  Drone  
  29  3:02  Queen  
  29  3:03  Queen  
  34  3:17  Drone x6  
  40  3:20  Overlord  
  40  3:26  Drone  
  41  3:40  Queen  
  43  3:42  Zergling x8  
  43  3:43  Zergling x4  
  43  3:45  Overlord  
  43  3:48  Overlord  
  49  4:03  Lair  
  49  4:08  Overlord x2  
  49  4:18  Extractor  
  49  4:19  Baneling Nest, Extractor  
  49  4:20  Queen  
  49  4:21  Drone  
  49  4:22  Drone x4  
  53  4:26  Drone x2  
  53  4:27  Drone  
  53  4:29  Drone  
  57  4:38  Drone x5  
  61  4:41  Drone  
  63  4:48  Overlord x2  
  63  4:54  Drone  
  63  4:55  Drone  
  65  5:01  Centrifical Hooks  
  65  5:05  Overlord, Queen  
  67  5:11  Drone x2  
  69  5:28  Zergling x32  
  85  5:35  Evolution Chamber  
  85  5:36  Evolution Chamber, Drone x2  
  85  5:39  Baneling x5  
  85  5:40  Baneling  
  85  5:44  Overlord  
  85  5:45  Overlord  
  85  5:59  Zergling x8  
  85  6:00  Overlord  
  85  6:01  Overlord  
  85  6:03  Zerg Ground Armor Level 1  
  85  6:04  Zerg Melee Weapons Level 1  
  89  6:19  Overlord  
  89  6:20  Overlord  
  86  6:25  Spore Crawler  
  86  6:26  Spore Crawler  
  83  6:33  Queen  
  84  6:46  Queen  
  81  6:49  Spore Crawler, Drone x9  
  81  6:50  Spire  
  84  6:55  Drone x3  
  87  7:02  Extractor  
  87  7:04  Extractor, Drone x4  
  87  7:05  Drone  
  87  7:08  Overseer  
  90  7:15  Extractor  
  89  7:18  Drone x6  
  95  7:35  Roach Warren, Drone x3  
  97  7:41  Drone x2  
  97  7:42  Drone  
  100  7:49  Drone  
  101  8:01  Zerg Melee Weapons Level 2, Zerg Missile Weapons Level 1  
  101  8:02  Overlord x4  
  101  8:03  Overlord, Drone x2  
  103  8:18  Corruptor  
  103  8:19  Corruptor  
  107  8:26  Hatchery  
  106  8:29  Spore Crawler  
  106  8:33  Hatchery  
  104  8:39  Corruptor x4  
  112  8:42  Spore Crawler, Zerg Flyer Weapons Level 1  
  112  8:45  Drone x2  
  112  8:55  Corruptor  
  112  8:56  Infestation Pit  
  113  9:04  Glial Reconstitution  
  113  9:05  Overlord x3  
  113  9:08  Drone x6  
  113  9:32  Corruptor x4  
  119  9:41  Hive  
  119  9:45  Drone x4  
  122  9:46  Drone  
  122  9:47  Drone  
  122  9:48  Drone x7  
  122  9:50  Extractor  
  122  9:52  Extractor  
  130  9:57  Baneling x8  
  130  10:00  Drone x2  
  130  10:01  Drone x3  
  119  10:28  Roach  
  119  10:29  Roach x14  
  149  10:38  Zerg Missile Weapons Level 2  
  149  10:42  Drone x6  
  154  10:53  Spine Crawler x2  
  154  10:54  Spine Crawler  
  151  11:09  Hatchery  
  142  11:12  Overlord  
  142  11:13  Overlord x3  
  142  11:15  Greater Spire  
  142  11:16  Pathogen Glands  
  142  11:17  Adrenal Glands  
  142  11:18  Spire  
  135  11:28  Queen  
  135  11:30  Zerg Melee Weapons Level 3  
  135  11:31  Queen  
  139  11:33  Queen  
  139  11:34  Queen  
  139  11:37  Drone x3, Extractor  
  139  11:38  Extractor  
  139  11:39  Drone x3  
  148  11:40  Drone x5  
  148  11:42  Drone  
  153  11:50  Corruptor x4  
  161  11:56  Overlord  
  161  11:57  Overlord x2  
  161  12:11  Corruptor x5  
  171  12:26  Roach x10  
  191  12:30  Baneling  
  191  12:31  Baneling x4  
  191  12:32  Brood Lord x2  
  195  12:42  Zergling x16  
  197  13:08  Corruptor x3  
  197  13:09  Hatchery  
  191  13:16  Zerg Flyer Weapons Level 2  
  191  13:17  Zerg Flyer Armor Level 1  
  191  13:18  Neural Parasite  
  191  13:19  Overlord  
  187  13:20  Overlord x2  
  181  13:28  Infestor x6  
  181  13:32  Burrow  
  193  14:04  Hatchery  
  192  14:11  Hatchery  
  191  14:24  Zerg Missile Weapons Level 3  
  191  14:25  Zerg Ground Armor Level 2  
  191  14:28  Brood Lord x2  
  191  14:29  Brood Lord x2  
  185  14:56  Infestor x6  
  197  15:30  Spore Crawler  
  197  15:31  Spore Crawler x2  
  197  15:32  Spore Crawler x2  
  197  15:33  Corruptor x3  
  169  15:51  Corruptor x12  
  191  16:01  Overlord x4  
  191  16:03  Drone x8  
  195  16:34  Hatchery  
  195  16:37  Extractor  
  191  16:40  Extractor  
  182  17:02  Brood Lord x5  
  182  17:05  Infestor x3  
  186  17:25  Corruptor x6  
  188  17:40  Infestor x6  
  188  17:43  Zergling x14  
  188  17:44  Zergling x4  
  179  18:12  Corruptor  
  179  18:13  Corruptor x6  
  181  18:21  Brood Lord  
  173  18:38  Brood Lord  
  173  18:39  Brood Lord x3  
  181  18:45  Extractor  
  181  18:47  Brood Lord, Extractor  
  181  18:56  Extractor  
  181  18:57  Overseer  
  181  19:00  Extractor  
  179  19:03  Brood Lord x3  
  185  19:11  Drone x3  
  185  19:12  Spine Crawler, Drone x3  
  185  19:13  Spine Crawler  
  185  19:15  Drone x4  
  185  19:16  Drone x2  
  195  19:21  Spine Crawler  
  195  19:22  Spine Crawler x2  
  195  19:24  Brood Lord x4, Spine Crawler  
  199  19:32  Zerg Flyer Weapons Level 3, Hatchery  
  199  19:35  Zerg Flyer Armor Level 2  
  198  19:40  Overlord  
  198  19:41  Overlord  
  194  20:05  Corruptor  
  194  20:06  Corruptor x6  
  200  20:07  Spore Crawler  
  200  20:08  Spore Crawler  
  164  20:28  Corruptor  
  164  20:29  Corruptor x8  
  174  20:46  Corruptor  
  174  20:47  Corruptor x3  
  176  20:57  Overlord x3  
  176  20:58  Overlord  
  176  21:01  Extractor  
  176  21:03  Infestor x2  
  173  21:11  Drone x3  
  174  21:15  Infestor  
  174  21:16  Overlord  
  176  21:25  Corruptor x2  
  180  21:42  Hatchery  
  180  21:43  Drone x3  
  180  21:45  Drone  
  180  21:46  Extractor, Drone x2  
  184  21:49  Infestor x2  
  184  21:53  Hatchery  
  187  22:09  Extractor  
  187  22:10  Drone x3, Extractor  
  187  22:11  Corruptor, Drone x3  
  187  22:12  Corruptor  
  195  22:20  Spore Crawler  
  194  22:23  Infestor  
  196  22:31  Spore Crawler x2  
  196  22:32  Spore Crawler  
  196  22:33  Spore Crawler  
  192  22:37  Infestor x2  
  148  23:07  Infestor x3  
  152  23:16  Zergling x2  
  152  23:17  Zergling x22  
  163  23:33  Corruptor x6  
  173  23:45  Infestor  
  173  23:47  Zergling x2  
  173  23:48  Zergling x8  
  180  23:49  Queen x3  
  162  24:08  Corruptor  
  162  24:09  Corruptor x3  
Tags
 
Add a new tag
Caveats
  • Supply blocks, unpowered buildings, or Contaminate may cause inaccurate times.
  • Supply counts are checked every 10 seconds.